 Dungeon Crawl Stone Soup version 0.30.0-20-g3615ddf2f0 (webtiles) character file.

Game seed: 8082329875340116092

7835 qw the Cleaver (level 11, -3/71 HPs)
             Began as a Gargoyle Fighter on May 29, 2023.
             Slain by a troll (6 damage)
             ... on level 9 of the Dungeon.
             The game lasted 00:04:33 (7574 turns).

qw the Cleaver (Gargoyle Fighter)                   Turns: 7574, Time: 00:04:34

Health: -3/71      AC: 21    Str: 31    XL:     11   Next: 21%
Magic:  11/11      EV:  9    Int:  8    God:
Gold:   304        SH:  4    Dex:  9    Spells: 10/10 levels left

rFire   . . .        Y - +4 war axe (flame)
rCold   . . .        c - +0 buckler
rNeg    + . .        n - +3 chain mail {Will+}
rPois   inf          (helmet restricted)
rElec   +            p - +0 cloak
rCorr   +            j - +2 pair of gloves
SInv    .            (no boots)
Will    +....        a - amulet of regeneration Stlth
                     t - +6 ring of strength
HPRegen 1.11/turn    f - ring of resist corrosion
MPRegen 0.12/turn

%: no passive effects
@: about to teleport, corroded
A: sickness immunity, AC +8, negative energy resistance 1, electricity
resistance, torment resistance 1, petrification resistance, horns 1
a: no special abilities


You were on level 9 of the Dungeon.
You visited 2 branches of the dungeon, and saw 10 of its levels.
You also visited: Ossuary.

You collected 472 gold pieces.
You spent 168 gold pieces at shops.


Innate Abilities, Weirdness & Mutations

You are immune to sickness and miasma.
Your stone body is resilient. (AC +8)
You are immune to poison.
You resist negative energy. (rN+)
You are resistant to electric shocks. (rElec)
You are resistant to unholy torment.
You are immune to petrification.
You have a pair of small horns on your head.


   Skills:
 - Level 9.4 Fighting
 - Level 12.0 Axes
 - Level 3.0 Throwing
 - Level 6.2 Armour
 - Level 2.3 Dodging
 + Level 5.0 Shields


You had 10 spell levels left.
You didn't know any spells.
Your spell library was empty.

Inventory:

Hand Weapons
 Y - a +4 war axe of flaming (weapon)
Missiles
 o - 5 boomerangs
 r - 3 silver boomerangs
 x - 2 javelins (quivered)
Armour
 c - a +0 buckler (worn)
 j - a +2 pair of gloves (worn)
 n - a +3 chain mail of willpower (worn)
 p - a +0 cloak (worn)
 v - a +0 plate armour
Jewellery
 a - an amulet of regeneration (around neck)
 f - a ring of resist corrosion (right hand)
 t - a +6 ring of strength (left hand)
Scrolls
 h - 4 scrolls of identify
 i - 5 scrolls of teleportation
Potions
 b - 3 potions of mutation
 d - a potion of might
 e - 3 potions of curing
 g - a potion of lignification
 k - 4 potions of attraction
 l - a potion of resistance
 m - 2 potions of heal wounds
 q - a potion of cancellation
 s - 2 potions of haste
 u - a potion of ambrosia {unknown}
 z - a potion of magic {unknown}

Dungeon Overview and Level Annotations

Branches:
Dungeon (9/15)             Temple (1/1) D:7            Lair (0/5) D:9
Ossuary (visited)
    Orc: D:9-12

Altars:
Ashenzari
Cheibriados
Dithmenos
Elyvilon
Fedhas
Gozag
Hepliaklqana
Kikubaaqudgha
Makhleb
Ru
Sif Muna
Trog
Uskayaw
Vehumet
Xom
Yredelemnul
Zin
The Shining One

Shops:
D:2 [   D:4 (   D:9 ?

Annotations:
D:7 4 runed translucent doors


Message History

The yak closely misses you. The acid dragon spits acid at you.
The splash of acid hits you but does no damage.
The acid corrodes you!
You hit the yak but do no damage. You headbutt the yak.
The yak is almost dead.
You closely miss the acid dragon. You closely miss the troll.
You hit the yak but do no damage.
You block the troll's attack. x2; The troll barely misses you.
The yak gores you. The yak barely misses you.
The acid dragon bites you but does no damage.
The acid dragon claws you.
You barely miss the yak. Your headbutt misses the yak.
The yak is almost dead.
You barely miss the acid dragon. You slash the troll! You burn the troll.
You slash the yak! You burn the yak. The yak completely misses you.
The yak gores you but does no damage. You block the troll's attack.
The troll claws you but does no damage. The troll claws you.
The acid dragon closely misses you.
The acid dragon claws you but does no damage.
You slash the yak! You burn the yak.
You kill the yak!
You slash the acid dragon! You burn the acid dragon.
You hit the yak but do no damage. You closely miss the troll.
The shadow slips into darkness.
The shadow flickers and vanishes!
Deactivating autopickup; reactivate with Ctrl-A.
The yak closely misses you. The acid dragon closely misses you.
The acid dragon claws you but does no damage.
The troll bites you but does no damage. The troll claws you.
The troll claws you but does no damage.
Your Axes skill increases to level 12!
7574 ||| READING 6 scrolls of teleportation.
As you read the scroll of teleportation, it crumbles to dust.
You feel strangely unstable. The yak barely misses you.
The acid dragon bites you but does no damage.
The acid dragon barely misses you. The troll bites you!
The troll claws you but does no damage. The troll claws you.
You die...

#....##.........##
########'#####.....#####
.......%................
........................
.......###..............
........................
......\.................
................%T......
................@%.....(
...............DY.......
.....##...............##
.....##..###..........#
........................
########################


You could see a yak, a troll and an acid dragon.

Vanquished Creatures
  A death yak (D:9)
  An elephant (D:9)
  A troll (D:9)
  A shadow (D:7)
  Sigmund (D:4)
  12 yaks
  A wyvern (D:9)
  A steam dragon (D:7)
  3 water moccasins
  An ice beast (D:7)
  3 orc warriors
  3 black bears
  5 ogres
  6 centaurs
  3 phantoms
  A kobold brigand (D:7)
  4 bullfrogs
  4 scorpions
  6 wights
  6 killer bees (D:7)
  A howler monkey (D:6)
  5 orc priests
  A sleepcap (D:7)
  3 hounds
  2 jellies
  Natasha (twice) (D:2)
  Terence (D:2)
  5 iguanas
  6 orc wizards
  A mummy (Ossuary)
  16 gnolls
  8 adders
  3 shadow imps
  3 white imps
  3 worms
  A dart slug (D:3)
  25 orcs
  4 spectral bats (Ossuary)
  8 ball pythons
  3 bats
  9 endoplasms
  3 giant cockroaches
  4 goblins
  5 hobgoblins
  12 jackals
  A quokka (D:4)
  3 bat simulacra (Ossuary)
  6 frilled lizards
  12 gnoll zombies (Ossuary)
  7 goblin simulacra (Ossuary)
  4 goblin zombies (Ossuary)
  3 hobgoblin zombies (Ossuary)
  15 kobolds
  4 kobold simulacra (Ossuary)
  7 kobold zombies (Ossuary)
  4 orc zombies (Ossuary)
  7 rats
  2 rat simulacra (Ossuary)
  2 spectral goblins (Ossuary)
  6 spectral kobolds (Ossuary)
  A spectral rat (Ossuary)
282 creatures vanquished.

Notes
Turn   | Place    | Note
-------+----------+-------------------------------------------
     0 | D:1      | qw the Gargoyle Fighter began the quest for the Orb.
     0 | D:1      | Reached XP level 1. HP: 14/14 MP: 1/1
     0 | D:1      | 0 ||| qw: Version: 0.2-a-101-gf424e7f
     0 | D:1      | 0 ||| qw: Game counter: 332
     0 | D:1      | 0 ||| qw: Always use a shield: true
     0 | D:1      | 0 ||| qw: God list: Okawaru
     0 | D:1      | 0 ||| qw: Allow faded altars: false
     0 | D:1      | 0 ||| qw: Do Orc after D:15 true
     0 | D:1      | 0 ||| qw: Do second Lair branch before Depths: true
     0 | D:1      | 0 ||| qw: Lair rune preference: random
     0 | D:1      | 0 ||| qw: Plans: Normal, Zot:1-4, Slime:5, God:TSO, Crypt,
                  | Tomb, Pan, Hells, Abyss, Win
     0 | D:1      | 0 ||| PLANNING D:1-11
    68 | D:1      | Reached skill level 2 in Axes
   109 | D:1      | 109 ||| READING scroll labelled WOSASU RATUO.
   109 | D:1      | Identified a scroll of acquirement
   109 | D:1      | 109 ||| ACQUIRING amulet of regeneration
   109 | D:1      | Acquired an amulet of regeneration
   111 | D:1      | 111 ||| UPGRADING to amulet of regeneration.
   362 | D:1      | Reached XP level 2. HP: 19/19 MP: 2/2
   621 | D:1      | 621 ||| READING 2 scrolls labelled NECLOQ WEET.
   622 | D:1      | 622 ||| READING 3 scrolls labelled HIUJUKKEDUR.
   623 | D:1      | 623 ||| READING scroll labelled USEBIU ITHAAKO.
   724 | D:1      | 724 ||| DRINKING 2 blue potions.
   725 | D:1      | 725 ||| DROPPING 2 scrolls of immolation.
   775 | D:2      | 775 ||| STAIRDANCE
   787 | D:2      | 787 ||| STAIRDANCE
   795 | D:1      | Reached skill level 3 in Axes
   795 | D:1      | Reached XP level 3. HP: 23/23 MP: 3/3
   839 | D:2      | Noticed Terence
   851 | D:2      | Killed Terence
   852 | D:2      | Reached XP level 4. HP: 17/28 MP: 4/4
   900 | D:2      | Found Tofomn's Antique Armour Emporium.
   924 | D:2      | Reached skill level 4 in Axes
   926 | D:2      | 926 ||| SHOPLISTING pair of crude boots (237 gold, have
                  | 44).
   926 | D:2      | 926 ||| SHOPLISTING plate armour (575 gold, have 44).
   996 | D:2      | Noticed Natasha
  1004 | D:2      | Killed Natasha
  1202 | D:2      | Reached XP level 5. HP: 32/32 MP: 5/5
  1429 | D:2      | Found a snail-covered altar of Cheibriados.
  1579 | D:2      | 1579 ||| UPGRADING to +3 chain mail of willpower.
  1589 | D:2      | 1589 ||| DROPPING +0 scale mail.
  1590 | D:2      | 1590 ||| DROPPING ring of flight.
  1591 | D:2      | 1591 ||| DROPPING ring of magical power.
  1592 | D:2      | 1592 ||| UPGRADING to +6 ring of strength.
  1593 | D:2      | 1593 ||| READING 2 scrolls labelled LUX ATARIMELO.
  1595 | D:2      | Noticed Natasha
  1597 | D:2      | Killed Natasha
  1598 | D:2      | 1598 ||| READING scroll labelled QIFOAHAIKU.
  1599 | D:2      | 1599 ||| READING scroll labelled PITIENYGEBB.
  1600 | D:2      | 1600 ||| READING scroll labelled BIRRUCVUHI.
  1601 | D:2      | 1601 ||| READING scroll labelled KIKUWO QAOCWAE.
  1602 | D:2      | 1602 ||| READING scroll labelled ITUSERCH KEGO.
  1603 | D:2      | 1603 ||| DRINKING 2 grey potions.
  1604 | D:2      | 1604 ||| READING 2 scrolls of identify.
  1604 | D:2      | 1604 ||| IDENTIFYING puce potion
  1605 | D:2      | 1605 ||| DROPPING potion of berserk rage.
  1626 | D:3      | 1626 ||| Stepping ~*~*~tactically~*~*~ (stealth).
  1631 | D:3      | 1631 ||| Stepping ~*~*~tactically~*~*~ (stealth).
  1654 | D:3      | 1654 ||| Stepping ~*~*~tactically~*~*~ (stealth).
  1658 | D:3      | 1658 ||| Stepping ~*~*~tactically~*~*~ (hiding).
  1683 | D:3      | Found a hide-covered altar of Uskayaw.
  1684 | D:3      | 1684 ||| DRINKING 2 fuming clear potions.
  1684 | D:3      | Gained mutation: You have a pair of small horns on your
                  | head. [potion of mutation]
  1721 | D:3      | 1721 ||| Stepping ~*~*~tactically~*~*~ (stealth).
  1732 | D:3      | 1732 ||| Stepping ~*~*~tactically~*~*~ (stealth).
  1733 | D:3      | 1733 ||| Stepping ~*~*~tactically~*~*~ (stealth).
  1735 | D:3      | 1735 ||| Stepping ~*~*~tactically~*~*~ (hiding).
  1736 | D:3      | 1736 ||| Stepping ~*~*~tactically~*~*~ (hiding).
  1737 | D:3      | 1737 ||| Stepping ~*~*~tactically~*~*~ (hiding).
  1918 | D:3      | Reached skill level 1 in Throwing
  1925 | D:3      | Reached skill level 5 in Axes
  1927 | D:3      | 1927 ||| DROPPING +0 mace.
  1957 | D:3      | 1957 ||| Stepping ~*~*~tactically~*~*~ (stealth).
  1960 | D:3      | 1960 ||| READING 2 scrolls of identify.
  1960 | D:3      | 1960 ||| IDENTIFYING murky brown potion
  2055 | D:3      | Noticed a phantom
  2067 | D:3      | Killed a phantom
  2068 | D:3      | Reached XP level 6. HP: 34/39 MP: 6/6
  2165 | D:3      | 2165 ||| Stepping ~*~*~tactically~*~*~ (stealth).
  2244 | D:3      | 2244 ||| UPGRADING to ring of resist corrosion.
  2372 | D:3      | 2372 ||| READING scroll labelled TOAGIA BI KANIA.
  2373 | D:3      | 2373 ||| DROPPING +1 flail of protection.
  2374 | D:3      | 2374 ||| READING scroll labelled DUEREO APSUCA.
  2406 | D:4      | 2406 ||| Stepping ~*~*~tactically~*~*~ (stealth).
  2506 | D:4      | 2506 ||| Stepping ~*~*~tactically~*~*~ (hiding).
  2509 | D:4      | 2509 ||| Stepping ~*~*~tactically~*~*~ (hiding).
  2557 | D:4      | 2557 ||| Stepping ~*~*~tactically~*~*~ (stealth).
  2558 | D:4      | 2558 ||| Stepping ~*~*~tactically~*~*~ (stealth).
  2563 | D:4      | 2563 ||| Stepping ~*~*~tactically~*~*~ (stealth).
  2564 | D:4      | 2564 ||| Stepping ~*~*~tactically~*~*~ (stealth).
  2608 | D:4      | Found Duishryru's Antique Weapon Shop.
  2623 | D:4      | Noticed Sigmund
  2635 | D:4      | Killed Sigmund
  2636 | D:4      | Reached skill level 6 in Axes
  2636 | D:4      | Reached XP level 7. HP: 33/44 MP: 7/7
  2694 | D:4      | 2694 ||| Stepping ~*~*~tactically~*~*~ (hiding).
  2696 | D:4      | 2696 ||| Stepping ~*~*~tactically~*~*~ (hiding).
  2697 | D:4      | 2697 ||| Stepping ~*~*~tactically~*~*~ (hiding).
  2698 | D:4      | 2698 ||| Stepping ~*~*~tactically~*~*~ (hiding).
  2736 | D:4      | 2736 ||| Stepping ~*~*~tactically~*~*~ (stealth).
  2738 | D:4      | 2738 ||| Stepping ~*~*~tactically~*~*~ (stealth).
  2740 | D:4      | 2740 ||| Stepping ~*~*~tactically~*~*~ (stealth).
  2742 | D:4      | 2742 ||| Stepping ~*~*~tactically~*~*~ (hiding).
  2758 | D:4      | Reached skill level 1 in Dodging
  3155 | D:4      | 3155 ||| UPGRADING to +0 cloak.
  3160 | D:4      | 3160 ||| DROPPING amulet of guardian spirit.
  3161 | D:4      | 3161 ||| READING scroll labelled VEVAOG TEAXOANK.
  3169 | D:4      | 3169 ||| DRINKING 2 bubbling sapphire potions.
  3210 | D:5      | Entered Level 5 of the Dungeon
  3211 | D:5      | 3211 ||| PLANNING OSSUARY
  3246 | D:5      | Reached skill level 7 in Axes
  3402 | D:5      | Reached XP level 8. HP: 49/49 MP: 8/8
  3424 | D:5      | Found a burning altar of Makhleb.
  3637 | D:5      | 3637 ||| Stepping ~*~*~tactically~*~*~ (hiding).
  3698 | D:5      | Found a sand-covered staircase.
  3701 | D:5      | 3701 ||| UPGRADING to +2 pair of gloves.
  3706 | D:5      | 3706 ||| Stepping ~*~*~tactically~*~*~ (hiding).
  3715 | D:5      | Reached skill level 8 in Axes
  3718 | D:5      | 3718 ||| READING 2 scrolls labelled SAURAO CAFUSEWU.
  3719 | D:5      | 3719 ||| READING scroll labelled GITHRA MIOWNIRU.
  3720 | D:5      | 3720 ||| READING 3 scrolls of identify.
  3720 | D:5      | 3720 ||| IDENTIFYING inky potion
  3721 | D:5      | 3721 ||| READING 2 scrolls of identify.
  3721 | D:5      | 3721 ||| IDENTIFYING lumpy yellow potion
  3722 | D:5      | 3722 ||| DROPPING scroll of noise.
  3723 | D:5      | 3723 ||| DROPPING potion of degeneration.
  3729 | Ossuary  | Entered an ossuary
  3734 | Ossuary  | 3734 ||| Stepping ~*~*~tactically~*~*~ (stealth).
  3940 | Ossuary  | 3940 ||| Stepping ~*~*~tactically~*~*~ (stealth).
  3941 | Ossuary  | 3941 ||| Stepping ~*~*~tactically~*~*~ (stealth).
  4261 | Ossuary  | 4261 ||| DRINKING 2 fuming red potions.
  4262 | Ossuary  | 4262 ||| DRINKING 3 metallic green potions.
  4263 | Ossuary  | 4263 ||| READING 2 scrolls of identify.
  4263 | Ossuary  | 4263 ||| IDENTIFYING golden potion
  4264 | Ossuary  | 4264 ||| DROPPING potion of invisibility.
  4289 | D:5      | 4289 ||| PLANNING D:1-11
  4559 | D:6      | 4559 ||| Stepping ~*~*~tactically~*~*~ (hiding).
  4562 | D:6      | 4562 ||| Stepping ~*~*~tactically~*~*~ (hiding).
  4575 | D:6      | Reached skill level 6 in Fighting
  4576 | D:6      | 4576 ||| Stepping ~*~*~tactically~*~*~ (hiding).
  4579 | D:6      | 4579 ||| Stepping ~*~*~tactically~*~*~ (hiding).
  4603 | D:6      | 4603 ||| READING scroll of enchant weapon.
  4603 | D:6      | 4603 ||| ENCHANTING +1 war axe of flaming.
  4681 | D:6      | Reached XP level 9. HP: 45/56 MP: 9/9
  4864 | D:6      | 4864 ||| Stepping ~*~*~tactically~*~*~ (hiding).
  4876 | D:6      | 4876 ||| Stepping ~*~*~tactically~*~*~ (stealth).
  4882 | D:6      | Reached skill level 9 in Axes
  5229 | D:6      | 5229 ||| READING scroll labelled XETOUF HERO.
  5308 | D:7      | Found a staircase to the Ecumenical Temple.
  5309 | D:7      | 5309 ||| PLANNING TEMPLE
  5317 | Temple   | Entered the Ecumenical Temple
  5635 | Temple   | 5635 ||| PLANNING D:1-11
  5756 | D:7      | Reached skill level 10 in Axes
  5822 | D:7      | Found a shimmering altar of Xom.
  5868 | D:7      | Found a blossoming altar of Fedhas.
  5876 | D:7      | Found a white marble altar of Elyvilon.
  5897 | D:7      | Found a large runed translucent door.
  5897 | D:7      | Noticed a two-headed ogre
  5898 | D:7      | Found a large runed translucent door.
  5898 | D:7      | Noticed a two-headed ogre
  5904 | D:7      | Found a large runed translucent door.
  5904 | D:7      | Found a large runed translucent door.
  5980 | D:7      | 5980 ||| Stepping ~*~*~tactically~*~*~ (hiding).
  6109 | D:7      | Reached XP level 10. HP: 64/64 MP: 10/10
  6121 | D:7      | 6121 ||| Stepping ~*~*~tactically~*~*~ (stealth).
  6122 | D:7      | 6122 ||| Stepping ~*~*~tactically~*~*~ (stealth).
  6123 | D:7      | 6123 ||| Stepping ~*~*~tactically~*~*~ (stealth).
  6131 | D:7      | 6131 ||| Stepping ~*~*~tactically~*~*~ (stealth).
  6132 | D:7      | 6132 ||| Stepping ~*~*~tactically~*~*~ (stealth).
  6133 | D:7      | 6133 ||| Stepping ~*~*~tactically~*~*~ (stealth).
  6134 | D:7      | 6134 ||| Stepping ~*~*~tactically~*~*~ (stealth).
  6146 | D:7      | 6146 ||| SWAPPING to +4 war axe of flaming.
  6147 | D:7      | 6147 ||| DROPPING +2 war axe of flaming.
  6205 | D:7      | 6205 ||| Stepping ~*~*~tactically~*~*~ (stealth).
  6419 | D:7      | Reached skill level 3 in Throwing
  6462 | D:7      | 6462 ||| READING scroll labelled POUBEG PIMUYNO.
  6463 | D:7      | 6463 ||| DRINKING 2 viscous brown potions.
  6464 | D:7      | 6464 ||| DROPPING potion of flight.
  6484 | D:8      | 6484 ||| Stepping ~*~*~tactically~*~*~ (stealth).
  6492 | D:8      | 6492 ||| Stepping ~*~*~tactically~*~*~ (hiding).
  6615 | D:8      | 6615 ||| Stepping ~*~*~tactically~*~*~ (stealth).
  6634 | D:8      | Reached skill level 11 in Axes
  6663 | D:8      | 6663 ||| Stepping ~*~*~tactically~*~*~ (stealth).
  6684 | D:8      | Found an ancient bone altar of Kikubaaqudgha.
  6696 | D:8      | 6696 ||| Stepping ~*~*~tactically~*~*~ (stealth).
  6700 | D:8      | 6700 ||| Stepping ~*~*~tactically~*~*~ (stealth).
  7034 | D:8      | 7034 ||| Stepping ~*~*~tactically~*~*~ (stealth).
  7039 | D:8      | Reached skill level 6 in Armour
  7353 | D:9      | 7353 ||| Stepping ~*~*~tactically~*~*~ (hiding).
  7355 | D:9      | 7355 ||| Stepping ~*~*~tactically~*~*~ (hiding).
  7477 | D:9      | Noticed an elephant
  7486 | D:9      | Killed an elephant
  7487 | D:9      | Reached skill level 9 in Fighting
  7488 | D:9      | Found a staircase to the Lair.
  7501 | D:9      | Found Lixku's Magic Scroll Boutique.
  7505 | D:9      | 7505 ||| Stepping ~*~*~tactically~*~*~ (stealth).
  7518 | D:9      | Reached XP level 11. HP: 65/71 MP: 11/11
  7528 | D:9      | 7528 ||| BUYING scroll of identify (28 gold).
  7528 | D:9      | Bought a scroll of identify for 28 gold pieces
  7528 | D:9      | 7528 ||| BUYING scroll of identify (28 gold).
  7528 | D:9      | Bought a scroll of identify for 28 gold pieces
  7528 | D:9      | 7528 ||| BUYING scroll of identify (28 gold).
  7528 | D:9      | Bought a scroll of identify for 28 gold pieces
  7528 | D:9      | 7528 ||| BUYING scroll of teleportation (42 gold).
  7528 | D:9      | Bought a scroll of teleportation for 42 gold pieces
  7528 | D:9      | 7528 ||| BUYING scroll of teleportation (42 gold).
  7528 | D:9      | Bought a scroll of teleportation for 42 gold pieces
  7556 | D:9      | Noticed a death yak
  7568 | D:9      | Killed a death yak
  7573 | D:9      | HP: 15/71 [troll (4)]
  7574 | D:9      | Reached skill level 12 in Axes
  7574 | D:9      | 7574 ||| READING 6 scrolls of teleportation.
  7574 | D:9      | HP: 3/71 [troll (14)]
  7574 | D:9      | Slain by a troll

Levels and vault maps discovered:
D:1:      minmay_arrival_three_doors, layout_loops_ring,
          amcnicky_mini_corridor_feature, minmay_misc_feat_encased,
          due_unseen_surprise
D:2:      layout_loops_ring, basic_altar, serial_shops, shop, uniq_terence,
          uniq_natasha
D:3:      layout_basic, mainiacjoe_overflow_boulevard,
          mainiacjoe_overflow_brackets
D:4:      layout_cave_pods, serial_shops, shop, minmay_statues_item,
          uniq_sigmund
D:5:      layout_loops_cross, makhleb_heckhound_becter,
          nicolae_ossuary_entry_plus, reono_crystal_passage
D:6:      minmay_diamond_boxcup, layout_cave_pools
D:7:      layout_cave_pools, kennysheep_mini_moat,
          amethyst_overflow_temple_binary, minmay_temple_entry_proselytizer,
          minmay_hollow_rounded_squares
D:8:      layout_loops_cross, kiku_gazebo_garden_becter
D:9:      layout_stronghold, marbit_many_paths, david_lair_generic,
          serial_shops, shop, nrook_uturn
Temple:   hc_temple_tempest_star

Skill      XL: |  1  2  3  4  5  6  7  8  9 10 11 |
---------------+----------------------------------+-----
Axes           | 2 3 4 5 6 7 8 10 11 12 | 12.0
Throwing       | 1 2 3 |  3.0
Fighting       | 4 5 6 8 9 |  9.4
Dodging        | 1 2 |  2.3
Armour         | 4 5 6 |  6.2
Shields        | 4 5 |  5.0

Action                     |  1- 3 |  4- 6 |  7- 9 | 10-12 || total
---------------------------+-------+-------+-------+-------++-------
  Melee: War axe           |    87 |   186 |   311 |   109 ||   693
         Headbutt          |       |    16 |    52 |    18 ||    86
  Throw: Javelin           |       |     7 |       |    23 ||    30
         Boomerang         |       |     5 |    76 |     2 ||    83
    Use: Scroll            |     4 |    10 |     8 |     2 ||    24
         Potion            |     1 |     2 |     3 |     1 ||     7
 Armour: Scale mail        |    39 |    25 |       |       ||    64
         Chain mail        |       |    74 |   180 |    75 ||   329
  Dodge: Dodged            |    37 |    70 |   131 |    53 ||   291
  Block: Buckler           |    10 |    35 |    60 |    24 ||   129

Table legend:
 A = Non-vault XP
 B = Vault XP
 C = Vault XP percentage of total XP
 D = Non-vault monster count
 E = Vault monster count
 F = Vault count percentage of total count
                 A         B        C        D         E       F
            +---------+---------+-------+---------+---------+-------
      Total |    7945 |    3248 |  29.0 |     195 |      87 |  30.9
            +---------+---------+-------+---------+---------+-------
        D:1 |      38 |       0 |   0.0 |      17 |       0 |   0.0
        D:2 |      97 |      72 |  42.6 |      22 |       2 |   8.3
        D:3 |     204 |       0 |   0.0 |      31 |       0 |   0.0
        D:4 |     289 |     226 |  43.9 |      38 |       1 |   2.6
        D:5 |     629 |      40 |   6.0 |      14 |       1 |   6.7
        D:6 |     971 |     365 |  27.3 |      17 |       8 |  32.0
        D:7 |    1862 |     951 |  33.8 |      27 |      11 |  28.9
        D:8 |    2216 |       0 |   0.0 |      21 |       0 |   0.0
        D:9 |    1639 |    1503 |  47.8 |       8 |       4 |  33.3
    Ossuary |       0 |      91 | 100.0 |       0 |      60 | 100.0
            +---------+---------+-------+---------+---------+-------
